ORI
COASTAL CAROLINA UNIVERSITY CHANTICLEERS @ LOUISIANA STATE UNIVERSITY TIGERS
11/14/2047
 
TOP OF THE 1ST
University of Southern California Trojans batting - Pitching for University of Conneticut Huskies : RHP Sherwood Abernethy
Pitching: RHP Sherwood Abernethy
Batting: RHB Liangde Zhou 0-0: Ball
1-0: Called Strike
1-1: Ball
2-1: Fly out, F8 (Flyball, 89M, EV 89.4 MPH)
Batting: LHB John Rumbolt 0-0: Ball
1-0: Foul Ball, location: 2F
1-1: SINGLE (Groundball, 4, EV 98.1 MPH)
Batting: RHB Tri Kartini 0-0: Foul Ball, location: 2F
0-1: Foul Ball, location: 2F
0-2: Strikes out swinging
Batting: RHB Jochen Schanz 0-0: Ball
1-0: Ground out 4-3 (Groundball, 34, EV 83.8 MPH)
Top of the 1st over - 0 runs, 1 hit, 0 errors, 1 left on base; University of Southern California 0 - University of Conneticut 0
BOTTOM OF THE 1ST
University of Conneticut Huskies batting - Pitching for University of Southern California Trojans : RHP Ville Nyman
Pitching: RHP Ville Nyman
Batting: RHB Victor Nava 0-0: Ball
1-0: Foul Ball, location: 2F
1-1: Foul Ball, location: 2F
1-2: Ball
2-2: Foul Ball, location: 2F
2-2: Ball
3-2: Strikes out swinging
Batting: RHB Kyle Finney 0-0: Foul Ball, location: 2F
0-1: Foul Ball, location: 2F
0-2: SINGLE (Groundball, 6MD, EV 99.4 MPH)
Batting: LHB Greg James 0-0: Foul Ball, location: 2F
0-1: Called Strike
0-2: Ball
1-2: Strikes out swinging
Batting: LHB Hector Acosta 0-0: Called Strike
Kyle Finney is caught stealing 2nd base 2-6
Bottom of the 1st over - 0 runs, 1 hit, 0 errors, 0 left on base; University of Southern California 0 - University of Conneticut 0
TOP OF THE 2ND
University of Southern California Trojans batting - Pitching for University of Conneticut Huskies : RHP Sherwood Abernethy
Batting: RHB Rick Acevedo 0-0: Ball
1-0: Ball
2-0: Called Strike
2-1: Swinging Strike
2-2: Strikes out swinging
Batting: LHB Justin Veirs 0-0: Ball
1-0: Foul Ball, location: 2F
1-1: Swinging Strike
1-2: Ground out 5-3 (Groundball, 5, EV 87.5 MPH)
Batting: RHB Bobby Basoco 0-0: Ball
1-0: Called Strike
1-1: Foul Ball, location: 2F
1-2: Ball
2-2: Ball
3-2: Foul Ball, location: 2F
3-2: Strikes out swinging
Top of the 2nd over - 0 runs, 0 hits, 0 errors, 0 left on base; University of Southern California 0 - University of Conneticut 0
BOTTOM OF THE 2ND
University of Conneticut Huskies batting - Pitching for University of Southern California Trojans : RHP Ville Nyman
Batting: LHB Hector Acosta 0-0: Swinging Strike
0-1: Ground out 4-3 (Groundball, 4, EV 83.1 MPH)
Batting: LHB Omar Alba 0-0: Ball
1-0: Foul Ball, location: 2F
1-1: Ground out 4-3 (Groundball, 4, EV 83.1 MPH)
Batting: LHB Andrew Barzee 0-0: Called Strike
0-1: Called Strike
0-2: Strikes out looking
Bottom of the 2nd over - 0 runs, 0 hits, 0 errors, 0 left on base; University of Southern California 0 - University of Conneticut 0
TOP OF THE 3RD
University of Southern California Trojans batting - Pitching for University of Conneticut Huskies : RHP Sherwood Abernethy
Batting: RHB Jeremy McAbee 0-0: Ball
1-0: Ground out 6-3 (Groundball, 6MS, EV 86.9 MPH)
Batting: LHB Eli Evenson 0-0: Ball
1-0: Ground out 6-3 (Groundball, 6, EV 92.5 MPH)
Batting: RHB Liangde Zhou 0-0: Ball
1-0: Ball
2-0: Ground out 6-3 (Groundball, 6, EV 103.1 MPH)
Top of the 3rd over - 0 runs, 0 hits, 0 errors, 0 left on base; University of Southern California 0 - University of Conneticut 0
BOTTOM OF THE 3RD
University of Conneticut Huskies batting - Pitching for University of Southern California Trojans : RHP Ville Nyman
Batting: RHB Jack Vokey 0-0: Ball
1-0: Called Strike
1-1: Swinging Strike
1-2: Strikes out swinging
Batting: RHB Lee Wilbur 0-0: Called Strike
0-1: Ball
1-1: Called Strike
1-2: Ball
2-2: Ball
3-2: Strikes out looking
Batting: RHB Roku Kawano 0-0: Swinging Strike
0-1: Ball
1-1: Ball
2-1: Foul Ball, location: 2F
2-2: Foul Ball, location: 2F
2-2: Foul Ball, location: 2F
2-2: Ball
3-2: Base on Balls
Batting: RHB Victor Nava 0-0: Ball
1-0: Called Strike
1-1: Swinging Strike
1-2: Ball
2-2: Strikes out swinging
Bottom of the 3rd over - 0 runs, 0 hits, 0 errors, 1 left on base; University of Southern California 0 - University of Conneticut 0
TOP OF THE 4TH
University of Southern California Trojans batting - Pitching for University of Conneticut Huskies : RHP Sherwood Abernethy
Batting: LHB John Rumbolt 0-0: Foul Ball, location: 2F
0-1: Ground out U3 (Groundball, 3, EV 85.0 MPH)
Batting: RHB Tri Kartini 0-0: Fly out, F7 (Flyball, 78M, EV 90.0 MPH)
Batting: RHB Jochen Schanz 0-0: Ball
1-0: Called Strike
1-1: Foul Ball, location: 2F
1-2: Strikes out swinging
Top of the 4th over - 0 runs, 0 hits, 0 errors, 0 left on base; University of Southern California 0 - University of Conneticut 0
BOTTOM OF THE 4TH
University of Conneticut Huskies batting - Pitching for University of Southern California Trojans : RHP Ville Nyman
Batting: RHB Kyle Finney 0-0: Ball
1-0: Swinging Strike
1-1: Ball
2-1: Foul Ball, location: 2F
2-2: Strikes out swinging
Batting: LHB Greg James 0-0: Foul Ball, location: 2F
0-1: Ball
1-1: Swinging Strike
1-2: Strikes out looking
Batting: LHB Hector Acosta 0-0: Ball
1-0: Foul Ball, location: 2F
1-1: Fly out, F6 (Line Drive, 6, EV 67.5 MPH)
Bottom of the 4th over - 0 runs, 0 hits, 0 errors, 0 left on base; University of Southern California 0 - University of Conneticut 0
TOP OF THE 5TH
University of Southern California Trojans batting - Pitching for University of Conneticut Huskies : RHP Sherwood Abernethy
Batting: RHB Rick Acevedo 0-0: Ball
1-0: Ball
2-0: Fly out, F8 (Flyball, 8LD, EV 100.6 MPH)
Batting: LHB Justin Veirs 0-0: Called Strike
0-1: Fly out, F9 (Flyball, 9S, EV 85.0 MPH)
Batting: RHB Bobby Basoco 0-0: Called Strike
0-1: Swinging Strike
0-2: Ball
1-2: Ball
2-2: SINGLE (Groundball, 34D, EV 101.2 MPH)
Batting: RHB Jeremy McAbee 0-0: Foul Ball, location: 2F
0-1: Ground out 4-3 (Groundball, 4, EV 91.2 MPH)
Top of the 5th over - 0 runs, 1 hit, 0 errors, 1 left on base; University of Southern California 0 - University of Conneticut 0
BOTTOM OF THE 5TH
University of Conneticut Huskies batting - Pitching for University of Southern California Trojans : RHP Ville Nyman
Batting: LHB Omar Alba 0-0: Called Strike
0-1: Called Strike
0-2: Foul Ball, location: 2F
0-2: Ball
1-2: Ball
2-2: Strikes out looking
Batting: LHB Andrew Barzee 0-0: Called Strike
0-1: Ball
1-1: Ball
2-1: Ball
3-1: Foul Ball, location: 2F
3-2: Base on Balls
Batting: RHB Jack Vokey 0-0: Ball
1-0: Ball
2-0: Ball
3-0: Base on Balls
Andrew Barzee to second
Batting: RHB Lee Wilbur 0-0: Foul Ball, location: 2F
0-1: SINGLE (Groundball, 34D, EV 96.9 MPH)
Andrew Barzee to third
Jack Vokey to second
Runner from 3rd tries for Home, SAFE, throw by RF to home
Pitching: RHP Abizar Djajadiningrat
Batting: RHB Roku Kawano 0-0: Foul Ball, location: 2F
0-1: Ball
1-1: Swinging Strike
1-2: Ball
2-2: Ground out 3-1 (Groundball, 13, EV 90.6 MPH)
Jack Vokey to third
Lee Wilbur to second
Batting: RHB Victor Nava 0-0: Ball
1-0: Called Strike
1-1: Ball
Wild Pitch!
Jack Vokey scores
Lee Wilbur to third
2-1: Ball
3-1: Swinging Strike
3-2: Strikes out swinging
Bottom of the 5th over - 2 runs, 1 hit, 0 errors, 1 left on base; University of Southern California 0 - University of Conneticut 2
TOP OF THE 6TH
University of Southern California Trojans batting - Pitching for University of Conneticut Huskies : RHP Sherwood Abernethy
Batting: LHB Eli Evenson 0-0: Called Strike
0-1: Ground out 6-3 (Groundball, 6S, EV 90.0 MPH)
Batting: RHB Liangde Zhou 0-0: Ball
1-0: Ground out 4-3 (Groundball, 34D, EV 86.9 MPH)
Batting: LHB John Rumbolt 0-0: Ball
1-0: Ball
2-0: Ball
3-0: Called Strike
3-1: Ground out 4-3 (Groundball, 4D, EV 105.6 MPH)
Top of the 6th over - 0 runs, 0 hits, 0 errors, 0 left on base; University of Southern California 0 - University of Conneticut 2
BOTTOM OF THE 6TH
University of Conneticut Huskies batting - Pitching for University of Southern California Trojans : RHP Abizar Djajadiningrat
Batting: RHB Kyle Finney 0-0: Ground out 6-3 (Groundball, 6S, EV 83.1 MPH)
Batting: LHB Greg James 0-0: Called Strike
0-1: Called Strike
0-2: Strikes out swinging
Batting: LHB Hector Acosta 0-0: Foul Ball, location: 2F
0-1: Foul Ball, location: 2F
0-2: SINGLE (Groundball, 4MD, EV 107.5 MPH)
Batting: LHB Omar Alba 0-0: Called Strike
0-1: Ground out 4-3 (Groundball, 4, EV 109.4 MPH)
Bottom of the 6th over - 0 runs, 1 hit, 0 errors, 1 left on base; University of Southern California 0 - University of Conneticut 2
TOP OF THE 7TH
University of Southern California Trojans batting - Pitching for University of Conneticut Huskies : RHP Sherwood Abernethy
Batting: RHB Tri Kartini 0-0: Swinging Strike
0-1: Ball
1-1: Swinging Strike
1-2: Foul Ball, location: 2F
1-2: Strikes out swinging
Batting: RHB Jochen Schanz 0-0: Ball
1-0: Ball
2-0: Foul Ball, location: 2F
2-1: Called Strike
2-2: Foul Ball, location: 2F
2-2: Foul Ball, location: 2F
2-2: Ball
3-2: Base on Balls
Pinch Hitting: LHB Roger Kean 0-0: Ball
1-0: Swinging Strike
1-1: Called Strike
1-2: Hit by Pitch
Jochen Schanz to second
Pitching: RHP Miguel Perez
Pinch Hitting: RHB John Sandberg 0-0: Called Strike
0-1: Ball
1-1: Called Strike
1-2: Strikes out swinging
Batting: RHB Bobby Basoco 0-0: Ball
1-0: Fly out, F7 (Flyball, 7S, EV 83.1 MPH)
Top of the 7th over - 0 runs, 0 hits, 0 errors, 2 left on base; University of Southern California 0 - University of Conneticut 2
BOTTOM OF THE 7TH
University of Conneticut Huskies batting - Pitching for University of Southern California Trojans : RHP Abizar Djajadiningrat
Now in LF: Jason Keys
Now in RF: Roger Kean
Batting: LHB Andrew Barzee 0-0: Called Strike
0-1: Reached on error, E4 (Groundball, 4, EV 85.0 MPH)
Batting: RHB Jack Vokey 0-0: Ball
1-0: Ball
Wild Pitch!
Andrew Barzee to third
2-0: SINGLE (Groundball, 5S, EV 61.2 MPH) (infield hit)
Andrew Barzee scores
Batting: RHB Lee Wilbur 0-0: Bunt missed!
0-1: Sac Bunt to 13 - play at first, batter OUT! 1-3
Jack Vokey to second
Batting: RHB Roku Kawano 0-0: Swinging Strike
0-1: Called Strike
0-2: Ball
1-2: Strikes out swinging
Batting: RHB Victor Nava 0-0: Called Strike
0-1: Foul Ball, location: 2F
0-2: Ball
1-2: Foul Ball, location: 2F
1-2: Ball
2-2: Ball
3-2: Foul Ball, location: 2F
3-2: Base on Balls
Pitching: RHP Tyshawn Calvin
Batting: RHB Kyle Finney 0-0: Ground out 1-3 (Groundball, 34S, EV 69.4 MPH)
Bottom of the 7th over - 1 run, 1 hit, 1 error, 2 left on base; University of Southern California 0 - University of Conneticut 3
TOP OF THE 8TH
University of Southern California Trojans batting - Pitching for University of Conneticut Huskies : RHP Miguel Perez
Batting: RHB Jeremy McAbee 0-0: Foul Ball, location: 2F
0-1: Ball
1-1: Ball
2-1: Ground out 5-3 (Groundball, 56, EV 79.4 MPH)
Batting: LHB Eli Evenson 0-0: Foul Ball, location: 2F
0-1: Fly out, F8 (Line Drive, 8RD, EV 93.8 MPH)
Pinch Hitting: RHB Jim Baltazar 0-0: Called Strike
0-1: SOLO HOME RUN (Flyball, 7D, EV 99.4 MPH), Distance : 396 ft
Batting: LHB John Rumbolt 0-0: Ground out 3-1 (Groundball, 34, EV 104.4 MPH)
Top of the 8th over - 1 run, 1 hit, 0 errors, 0 left on base; University of Southern California 1 - University of Conneticut 3
BOTTOM OF THE 8TH
University of Conneticut Huskies batting - Pitching for University of Southern California Trojans : RHP Tyshawn Calvin
Now in CF: Brad Betterton
Batting: LHB Greg James 0-0: Ball
1-0: Ball
2-0: Ground out 3-1 (Groundball, 34S, EV 86.2 MPH)
Batting: LHB Hector Acosta 0-0: Fly out, F7 (Flyball, 7, EV 76.2 MPH)
Batting: LHB Omar Alba 0-0: Ball
1-0: Ground out U3 (Groundball, 3L, EV 103.8 MPH)
Bottom of the 8th over - 0 runs, 0 hits, 0 errors, 0 left on base; University of Southern California 1 - University of Conneticut 3
TOP OF THE 9TH
University of Southern California Trojans batting - Pitching for University of Conneticut Huskies : RHP Miguel Perez
Batting: RHB Tri Kartini 0-0: Ball
1-0: Swinging Strike
1-1: Foul Ball, location: 2F
1-2: Ball
2-2: Ball
3-2: Ground out 4-3 (Groundball, 4, EV 85.6 MPH)
Pinch Hitting: SHB Mhelter Daulong 0-0: Ball
1-0: Foul Ball, location: 2F
1-1: Foul Ball, location: 2F
1-2: Ground out 4-3 (Groundball, 4, EV 80.6 MPH)
Batting: LHB Roger Kean 0-0: Called Strike
0-1: Reached on error, E3 (Groundball, 3S, EV 86.9 MPH)
Batting: SHB Jason Keys 0-0: Ball
1-0: Swinging Strike
1-1: Called Strike
1-2: Ball
2-2: Ball
3-2: Fly out, F8 (Flyball, 8LD, EV 109.4 MPH)
Top of the 9th over - 0 runs, 0 hits, 1 error, 1 left on base; University of Southern California 1 - University of Conneticut 3
Thursday, December 15th , 2022 - OOTP Baseball 23.9 Build 102